 Dungeon Crawl Stone Soup version 0.31-a0-149-g3fdcc5976a (webtiles) character file.

Game seed: 13573073787630938377

922 jlumianski the Magician (level 8, -5/54 HPs)
             Began as a Djinni Fire Elementalist on June 8, 2023.
             Slain by an ogre
             ... wielding a +0 giant club
              (26 damage)
             ... on level 4 of the Dungeon.
             The game lasted 00:23:02 (4054 turns).

jlumianski the Magician (Djinni Fire Elementalist)  Turns: 4054, Time: 00:23:02

Health: -5/54      AC:  2    Str:  7    XL:     8   Next: 31%
Gold:   118        EV: 13    Int: 20    God:
                   SH:  5    Dex: 13

rFire   + + .        m - +1 dagger (venom)
rCold   . . .        (no shield)
rNeg    . . .        a - +0 robe
rPois   ∞            (no helmet)
rElec   .            (no cloak)
rCorr   .            (no gloves)
SInv    .            (boots unavailable)
Will    .....        i - amulet of reflection
Stlth   ++           w - ring of protection from cold
HPRegen 0.29/turn    (no ring)
MPRegen 0.00/turn

%: reflection, infuse magic (-6 HP)
@: flying
A: sickness immunity, fire resistance 2, cold vulnerability 1, float, innate
caster, HP casting, extra vitality 1
a: no special abilities


You were on level 4 of the Dungeon.
You visited 1 branch of the dungeon, and saw 6 of its levels.

You collected 253 gold pieces.
You spent 135 gold pieces at shops.

Inventory:

Hand Weapons
 b - a +0 dagger
 d - a +0 short sword
 m - a +1 dagger of venom (weapon)
 q - a +0 rapier
 s - a +1 dagger of electrocution
 v - a +1 heavy long sword
Missiles
 c - 2 poisoned darts
Armour
 a - a +0 robe (worn)
Jewellery
 i - an amulet of reflection (around neck)
 w - a ring of protection from cold (left hand)
Scrolls
 e - 2 scrolls of poison
 h - 2 scrolls of fog
 j - a scroll of vulnerability
 k - a scroll of fear
 l - a scroll of blinking
 o - a scroll of immolation {unknown}
 u - a scroll of amnesia {unknown}
 y - a scroll of brand weapon
Potions
 f - 3 potions of brilliance
 g - 2 potions of attraction
 n - a potion of heal wounds
 p - a potion of cancellation
 r - a potion of lignification {unknown}
 t - a potion of curing
 x - a potion of might {unknown}
 z - a potion of berserk rage {unknown}


   Skills:
 + Level 2.0 Fighting
 + Level 2.0 Short Blades
 + Level 4.3 Dodging
 + Level 4.0 Stealth
 + Level 1.1 Shields
 * Level 5.3 Spellcasting
 * Level 5.3 Conjurations
 * Level 5.3 Hexes
 * Level 5.3 Summonings
 * Level 5.3 Necromancy
 * Level 5.3 Translocations
 * Level 5.3 Transmutations
 * Level 5.3 Fire Magic
 * Level 5.3 Ice Magic
 * Level 5.3 Air Magic
 * Level 5.3 Earth Magic
 * Level 5.3 Poison Magic


You knew the following spells:

 Your Spells              Type           Power      Damage    Failure   Level
a - Foxfire               Conj/Fire      100%       2x1d9     1%          1
b - Scorch                Fire           52%        2d7       1%          2
c - Volatile Blastmotes   Fire/Tloc      52%        2d14      3%          3
d - Inner Flame           Hex/Fire       26%        N/A       3%          3
e - Flame Wave            Conj/Fire      26%        2d8       12%         4
f - Shock                 Conj/Air       100%       1d9       1%          1
g - Passwall              Tmut/Erth      21%        N/A       1%          2
h - Lesser Beckoning      Tloc           52%        N/A       1%          2
Your spell library was empty.

Dungeon Overview and Level Annotations

Branches:
Dungeon (6/15)
 Temple: D:4-7

Altars:
Elyvilon

Shops:
D:5 **


Innate Abilities, Weirdness & Mutations

You are immune to sickness and miasma.
You are immune to poison.
Your flesh is very heat resistant. (rF++)
You are vulnerable to cold. (rC-)
You float through the air rather than walking.
You learn spells naturally, not from books.
Your magical power is your life essence.
You have superior vitality. (+4 MHP)


Message History

You hit the scorpion.
The scorpion looks as sick as possible!
The scorpion is severely wounded.
You kill the scorpion!
You start resting.
HP restored.
You see here a scorpion corpse.
There is a stone staircase leading down here.
You fly downwards.
The iguana bites you!
The orc wizard gestures wildly while chanting.
The orc wizard flickers and vanishes!
Deactivating autopickup; reactivate with Ctrl-A.
There is a stone staircase leading up here.
Unknown command.
The shadow imp hits you. The iguana barely misses you. The ogre misses you.
You fly upwards.
Reactivating autopickup.
There is a stone staircase leading down here.
Casting: Foxfire (safe; 1% risk of failure)
Confirm with . or Enter, or press ? or * to list all spells.
Flames lash the iguana.
The iguana is moderately wounded.
The iguana's fire resistance burns away.
The iguana bites you. You block the shadow imp's attack.
You block the ogre's attack.
Casting: Scorch (safe; 1% risk of failure)
Confirm with . or Enter, or press ? or * to list all spells.
Flames lash the ogre.
The ogre is moderately wounded.
The ogre's fire resistance burns away.
The iguana bites you. The shadow imp gestures at you.
Pain shoots through your body!
Blink to where?
Press: ? - help, Dir - move target
As you read the scroll of blinking, it crumbles to dust.
The shadow imp grinds its teeth.
The ogre is no longer more vulnerable to fire.
The shadow imp puffs mist at you.
There is a stone staircase leading up here.
The ogre hits you with a +0 giant club!!
You die...

#.#)..#######.#####.#.#
#...................#.#
#....###..########..#.#
#....# #..# #####..#.##
#....###..####.........#
#..............###.###.#
##...###..###...##.# #.#
#...#...........#.# #.#
#...#.#..#O@......# #.#
######...#.#..l........# #.#
...).....#.##.#.......## #.#
######..##.##.##.....### #.#
#..##.##.###).....###.#
######......5..............#
.........)....########.#####
.#########.#.#.## #.# .#
#..###.######.#


You could see an ogre and an iguana.

Vanquished Creatures
  An ogre (D:4)
  2 phantoms
  3 scorpions
  2 jellies (D:5)
  2 hounds
  Jessica (D:2)
  3 orc wizards (D:3)
  8 gnolls (D:4)
  7 adders
  A white imp (D:4)
  2 ufetubi (D:5)
  4 worms
  3 dart slugs
  7 orcs
  5 ball pythons
  6 endoplasms
  4 giant cockroaches
  7 goblins
  5 hobgoblins
  8 jackals
  2 quokkas
  8 bats
  13 frilled lizards
  6 kobolds
  4 rats
114 creatures vanquished.

Vanquished Creatures (collateral kills)
  3 foxfires
3 creatures vanquished.

Vanquished Creatures (others)
  273 foxfires
273 creatures vanquished.

Grand Total: 390 creatures vanquished

Notes
Turn   | Place    | Note
-------+----------+-------------------------------------------
     0 | D:1      | jlumianski the Djinni Fire Elementalist began the quest for
                  | the Orb.
     0 | D:1      | jlumianski set off with the following spells memorised:
                  | Foxfire, Scorch, Volatile Blastmotes, Inner Flame, Flame
                  | Wave.
     0 | D:1      | Reached XP level 1. HP: 15/15 MP: 0/0
    84 | D:1      | Reached XP level 2. HP: 20/21 MP: 0/0
   300 | D:1      | Reached XP level 3. HP: 24/25 MP: 0/0
   300 | D:1      | Learned a level 1 spell: Shock
  1110 | D:2      | Noticed Jessica
  1116 | D:2      | Killed Jessica
  1117 | D:2      | Reached XP level 4. HP: 29/31 MP: 0/0
  1412 | D:2      | Reached XP level 5. HP: 35/36 MP: 0/0
  1412 | D:2      | Learned a level 2 spell: Passwall
  1551 | D:2      | Found a faded altar of an unknown god.
  1845 | D:3      | Found a white marble altar of Elyvilon.
  2163 | D:4      | Noticed a phantom
  2178 | D:3      | Killed a phantom
  2179 | D:3      | Reached skill level 1 in Fighting
  2179 | D:3      | Reached skill level 1 in Short Blades
  2179 | D:3      | Reached XP level 6. HP: 32/42 MP: 0/0
  2596 | D:4      | Reached XP level 7. HP: 36/47 MP: 0/0
  2596 | D:4      | Learned a level 2 spell: Lesser Beckoning
  3020 | D:5      | Entered Level 5 of the Dungeon
  3581 | D:5      | Found Vanukk's Specific Store.
  3584 | D:5      | Found Haopt's General Store.
  3602 | D:5      | Bought a scroll of poison for 40 gold pieces
  3602 | D:5      | Bought a scroll of brand weapon for 95 gold pieces
  3664 | D:5      | Reached skill level 5 in Spellcasting
  3664 | D:5      | Reached skill level 5 in Conjurations
  3664 | D:5      | Reached skill level 5 in Hexes
  3664 | D:5      | Reached skill level 5 in Summonings
  3664 | D:5      | Reached skill level 5 in Necromancy
  3664 | D:5      | Reached skill level 5 in Translocations
  3664 | D:5      | Reached skill level 5 in Transmutations
  3664 | D:5      | Reached skill level 5 in Fire Magic
  3664 | D:5      | Reached skill level 5 in Ice Magic
  3664 | D:5      | Reached skill level 5 in Air Magic
  3664 | D:5      | Reached skill level 5 in Earth Magic
  3664 | D:5      | Reached skill level 5 in Poison Magic
  3664 | D:5      | Reached XP level 8. HP: 49/54 MP: 0/0
  3801 | D:5      | Reached skill level 1 in Shields
  4054 | D:4      | Slain by an ogre

Illustrated notes

Levels and vault maps discovered:
D:1:      erik_arrival_cave_to_civilisation [erik_arrival_cave_to_hall],
          layout_basic, minmay_lizard_king
D:2:      layout_loops_cross, hellmonk_ecumenical_altar_zigzags, st_stairs_5,
          uniq_jessica
D:3:      layout_basic, nicolae_elyvilon_peaceful_grove
D:4:      layout_loops_ring
D:5:      layout_gridville, kennysheep_vampire_church,
          mainiacjoe_overflow_concentric_impassable, nicolae_specific_store
D:6:      layout_cave_pools, gammafunk_ghost_smash, uniq_maggie,
          uniq_prince_ribbit1, uniq_duvessa, uniq_edmund

Skill      XL: |  1  2  3  4  5  6  7  8 |
---------------+-------------------------+-----
Spellcasting   | 4 5 |  5.3
Conjurations   | 4 5 |  5.3
Hexes          | 4 5 |  5.3
Summonings     | 4 5 |  5.3
Necromancy     | 4 5 |  5.3
Translocations | 4 5 |  5.3
Transmutations | 4 5 |  5.3
Fire Magic     | 4 5 |  5.3
Ice Magic      | 4 5 |  5.3
Air Magic      | 4 5 |  5.3
Earth Magic    | 4 5 |  5.3
Poison Magic   | 4 5 |  5.3
Stealth        | 2 3 4 |  4.0
Dodging        | 3 4 |  4.3
Fighting       | 1 2 |  2.0
Short Blades   | 1 2 |  2.0
Shields        | 1 |  1.1

Action                     |  1- 3 |  4- 6 |  7- 9 || total
---------------------------+-------+-------+-------++-------
  Melee: Dagger            |     5 |    26 |    21 ||    52
         Unarmed           |     1 |       |       ||     1
         Short sword       |    12 |       |       ||    12
         Punch             |       |       |     1 ||     1
   Cast: Foxfire           |    43 |    69 |    46 ||   158
         Scorch            |       |     3 |     5 ||     8
         Volatile Blastmot |       |     1 |     2 ||     3
         Inner Flame       |       |     1 |     1 ||     2
    Use: Scroll            |       |     8 |     2 ||    10
         Potion            |       |       |     2 ||     2
   Stab: Sleeping          |       |     2 |     1 ||     3
 Armour: Robe              |     3 |     4 |     5 ||    12
  Dodge: Dodged            |    17 |    19 |    40 ||    76
  Block: Other             |     2 |     6 |     8 ||    16
         Reflection        |       |     1 |       ||     1

Table legend: (Time is in decaauts)
 A = Elapsed time spent in this place.
 B = Non-inter-level travel time spent in this place.
 C = Inter-level travel time spent in this place.
 D = Time resting spent in this place.
 E = Time spent auto-exploring this place.
 F = Levels seen in this place.
 G = Mean time per level.
                   A        B        C        D        E       F      G
               +--------+--------+--------+--------+--------+-----+--------+
         Total |   4057 |   3966 |     91 |    331 |   2503 |   6 |  676.2 |
       Dungeon |   4057 |   3966 |     91 |    331 |   2503 |   6 |  676.2 |
               +--------+--------+--------+--------+--------+-----+--------+

Top non-repeatable levels by time:
     D:4: 1224 daAuts
     D:1: 1019 daAuts
     D:2: 720 daAuts
     D:3: 716 daAuts
     D:5: 372 daAuts
     D:6: 5 daAuts
